 Dungeon Crawl Stone Soup version 0.28.0-43-g3370ac3207 (webtiles) character file.

Game seed: 756927893373564404

19 tizbic2 the Shooter (level 2, -3/16 HPs)
             Began as a Deep Elf Arcane Marksman on Mar 4, 2022.
             Slain by a worm (7 damage)
             ... on level 2 of the Dungeon.
             The game lasted 00:04:22 (1021 turns).

tizbic2 the Shooter (Deep Elf Arcane Marksman)      Turns: 1021, Time: 00:04:22

Health: -3/16      AC:  2    Str:  7    XL:     2   Next: 55%
Magic:  4/6        EV: 12    Int: 17    God:
Gold:   30         SH:  0    Dex: 15    Spells: 3/4 levels left

rFire   . . .      SeeInvis .   w - +0 shortbow
rCold   . . .      Faith    .   (shield currently unavailable)
rNeg    . . .      Spirit   .   d - +0 robe
rPois   .          Reflect  .   (no helmet)
rElec   .          Harm     .   (no cloak)
rCorr   .          Rampage  .   (no gloves)
Will    .....                   (no boots)
Stlth   +.........              (no amulet)
HPRegen 0.05/turn               (no ring)
MPRegen 0.10/turn               (no ring)

@: no status effects
A: no striking features
a: no special abilities


You were on level 2 of the Dungeon.
You visited 1 branch of the dungeon, and saw 2 of its levels.

You collected 30 gold pieces.

Inventory:

Hand Weapons
 a - a +0 dagger
 w - a +0 shortbow (weapon)
Missiles
 c - 13 arrows (quivered ammo)
 i - 6 poisoned darts
Armour
 d - a +0 robe (worn)
Scrolls
 e - a scroll of identify
Potions
 b - a potion of haste
 f - a potion of invisibility {unknown}
 g - a potion of mutation {unknown}
 h - a potion of ambrosia {unknown}


   Skills:
 - Level 0.7 Fighting
 * Level 4.3 Bows
 - Level 2.4 Dodging
 - Level 1.5 Spellcasting
 - Level 4.0 Hexes


You had 3 spell levels left.
You knew the following spells:

 Your Spells              Type           Power      Damage    Failure   Level
a - Slow                  Hex            56%        N/A       4%          1

Your spell library contained the following spells:

 Spells                   Type           Power      Damage    Failure   Level
 Inner Flame              Hex/Fire       8%         N/A       26%         3
 Portal Projectile        Hex/Tloc       16%        N/A       26%         3
 Cause Fear               Hex            7%         N/A       36%         4


Dungeon Overview and Level Annotations

Branches:
Dungeon (2/15)

Altars:


Message History

Aiming: Slow (safe; 4% risk of failure)
Press: ? - help, Shift-Dir - straight line, f - worm, p - giant cockroach
Aim: a worm (moderately wounded, chance to affect: 62%)
The giant cockroach seems to slow down.
The giant cockroach closely misses you.
Okay, then.
Fire: 17 arrows
Press: ? - help, Q - select action, (/) - cycle Shift-Dir - straight line, f/p - worm
Aim: a worm (lightly wounded, 79% to hit)
You shoot an arrow. The arrow hits the worm.
The worm is moderately wounded.
The giant cockroach bites you.
Fire: 16 arrows
Press: ? - help, Q - select action, (/) - cycle Shift-Dir - straight line, f/p - worm
Aim: a worm (moderately wounded, 79% to hit)
You shoot an arrow. The arrow hits the worm.
The worm is heavily wounded.
The worm bites you!
Ouch! That really hurt!
The giant cockroach bites you but does no damage.
Fire: 15 arrows
Press: ? - help, Q - select action, (/) - cycle Shift-Dir - straight line, f - giant cockroach, p - worm
Aim: a giant cockroach (slow, 60% to hit)
You shoot an arrow.
The arrow closely misses the giant cockroach.
The giant cockroach bites you.
* * * LOW HITPOINT WARNING * * *
Fire: 14 arrows
Press: ? - help, Q - select action, (/) - cycle Shift-Dir - straight line, f/p - giant cockroach
Aim: a giant cockroach (slow, 60% to hit)
You shoot an arrow. The arrow hits the giant cockroach.
You kill the giant cockroach!
The worm bites you but does no damage.
Casting: Slow (safe; 4% risk of failure)
Confirm with . or Enter, or press ? or * to list all spells.
Aiming: Slow (safe; 4% risk of failure)
Press: ? - help, Shift-Dir - straight line, f - worm
Aim: a worm (moderately wounded, chance to affect: 62%)
The worm resists with significant effort.
The worm bites you!
You die...

#####
#..w###
#.@(.(#
#.........
###....8..
##.....
#...# ....
... ..


You could see a worm.

Vanquished Creatures
  3 ball pythons (D:1)
  An endoplasm (D:1)
  2 giant cockroaches
  2 goblins (D:1)
  A hobgoblin (D:1)
  2 jackals (D:1)
  A bat (D:1)
  A frilled lizard (D:1)
  A kobold (D:1)
  5 rats (D:1)
19 creatures vanquished.

Notes
Turn   | Place    | Note
-------+----------+-------------------------------------------
     0 | D:1      | tizbic2 the Deep Elf Arcane Marksman began the quest for
                  | the Orb.
     0 | D:1      | Reached XP level 1. HP: 11/11 MP: 5/5
   347 | D:1      | Reached XP level 2. HP: 16/16 MP: 6/6
  1021 | D:2      | Slain by a worm

Illustrated notes

Levels and vault maps discovered:
D:1:      tarquinn_simple_flora_water_f, layout_loops_cross
D:2:      layout_basic, dreamdust_ecumenical_altar_grove, grunt_ministairs_12,
          glass_columns_b, uniq_jessica

Skill      XL: |  1  2 |
---------------+-------+-----
Bows           | 3 4 |  4.3
Fighting       | |  0.7
Dodging        | |  2.4
Spellcasting   | |  1.5
Hexes          | |  4.0

Action                   || total
-------------------------++-------
Melee: Short sword       ||    21
       Dagger            ||     6
 Fire: Shortbow          ||    30
 Cast: Slow              ||     9
  Use: Scroll            ||     1
Armor: Robe              ||    10
Dodge: Dodged            ||    35
